 Dungeon Crawl Stone Soup version 0.31-a0-354-g827e0957a7 (webtiles) character file.

Game seed: 14408313131259786682

33 GrumpyGrim72 the Conjurer (level 3, 0/2 HPs)
             Began as an Octopode Conjurer on July 23, 2023.
             Slain by a ball python (2 damage)
             ... on level 2 of the Dungeon.
             The game lasted 00:08:47 (1550 turns).

GrumpyGrim72 the Conjurer (Octopode Conjurer)       Turns: 1550, Time: 00:08:48

Health: 0/2        AC:  1    Str:  6    XL:     3   Next: 29%
Magic:  6/6        EV: 13    Int: 22    God:
Gold:   116        SH:  0    Dex: 10    Spells: 3/6 levels left

rFire   + .          .
                       - Blade Hands
rCold   x . .        (shield currently unavailable)
rNeg    . . .        (helmet restricted)
rPois   .            (no amulet)
rElec   .            g - ring of fire
rCorr   .            (no ring)
SInv    .            (no ring)
Will    .....        (no ring)
Stlth   +++          (no ring)
HPRegen 0.20/turn    (no ring)
MPRegen 0.10/turn    (no ring)
                     (no ring)

%: no passive effects
@: blade tentacles
A: reduced hp, almost no armour, amphibious, 8 rings, camouflage 1, gelatinous
body 1, (nimble swimmer 1), tentacles
a: Begin Untransformation


You were on level 2 of the Dungeon.
You had blades for main tentacles.
You visited 1 branch of the dungeon, and saw 2 of its levels.

You collected 116 gold pieces.

Inventory:

Jewellery
 g - a ring of fire (left blade tentacle)
Talismans
 i - a maw talisman
 k - a blade talisman
Scrolls
 c - a scroll of noise {unknown}
 d - 2 scrolls of identify {unknown}
 f - 2 scrolls of fear {unknown}
 h - a scroll of fog {unknown}
 j - a scroll of poison {unknown}
Potions
 a - 2 potions of magic
 b - 4 potions of heal wounds {unknown}
 e - a potion of ambrosia {unknown}
 l - a potion of brilliance {unknown}


   Skills:
 + Level 0.1 Fighting
 + Level 2.1 Dodging
 + Level 2.9 Stealth
 + Level 0.2 Unarmed Combat
 + Level 2.1 Spellcasting
 + Level 4.7 Conjurations
 * Level 0.1 Shapeshifting


You had 3 spell levels left.
You knew the following spells:

 Your Spells              Type           Power      Damage    Failure   Level
a - Magic Dart            Conj           92%        1d7       21%         1
b - Searing Ray           Conj           46%        2d6       26%         2

Your spell library contained the following spells:

 Spells                   Type           Power      Damage    Failure   Level
 Dazzling Flash           Conj/Hex       24%        N/A       56%         3
 Wereblood                Tmut           2%         N/A       63%         2
 Ozocubu's Armour         Ice            2%         N/A       80%         3
 Fulminant Prism          Conj/Hex       6%         3d6       85%         4
 Iskenderun's Mystic Bla  Conj/Tloc      12%        2d5       85%         4
 Irradiate                Conj/Tmut      6%         3d13      98%         5
 Ozocubu's Refrigeration  Ice            1%         4d7       100%        7


Dungeon Overview and Level Annotations

Branches:
Dungeon (2/15)

Altars:


Innate Abilities, Weirdness & Mutations

You have blades for main tentacles.
Your maximum health is decreased, since you lack skill for your form.
Your spellcasting is less reliable in this form.
You are incapable of wielding weapons or throwing items.
You cannot wear most types of armour.
You are amphibious.
You can wear up to eight rings at the same time.
Your skin changes colour to match your surroundings (Stealth+).
Your rubbery body absorbs attacks. (AC +1, EV +1)
((You are camouflaged when in or above water. (Stealth+)))
You have tentacles for arms and can constrict up to eight enemies at once.


Message History

The magic dart hits the quokka.
You kill the quokka!
Found a dagger and 5 gold pieces.
Found a blade talisman.
You see here a +0 dagger.
Casting: Magic Dart (safe; 1% risk of failure)
Confirm with . or Enter, or press ? or * to list all spells.
Aiming: Magic Dart (safe; 1% risk of failure)
Press: ? - help, Shift-Dir - straight line, f - you
Okay, then.
You now have 91 gold pieces (gained 5).
You see here a blade talisman.
k - a blade talisman You begin transforming.
You continue transforming. x3
Your main tentacles turn into razor-sharp scythe blades.
HP restored.
Found a scroll labelled CAIPTEE YDAO.
f - 2 scrolls labelled CAIPTEE YDAO (gained 1)
d - 2 scrolls labelled LIAF JOPISS (gained 1)
A rat comes into view.
The helpless rat fails to defend itself.
You hit the rat.
You kill the rat!
You see here a rat corpse.
A kobold comes into view. It is wielding a +0 dagger.
The kobold shouts!
You slash the kobold!
You kill the kobold!
You now have 116 gold pieces (gained 25).
Things that are here:
a +0 dagger; a kobold corpse
Found a green potion.
l - a green potion A ball python comes into view.
The ball python hisses angrily.
A ball python is nearby!
You closely miss the ball python. You grab the ball python.
You constrict the ball python. The ball python bites you.
Ouch! That really hurt!
You die...

#.# #.# #.#
#.# #.# #.#
#.# #.# #.#
#.# #.# #.#
#.# #.#
####.# #.#
#.# #....#
#.# #.#
#.####
##.######.#
#.####
#..S@.....#
#.....
#########.#
###### ###


You could see a ball python.

Vanquished Creatures
  An adder (D:2)
  3 endoplasms
  2 goblins (D:1)
  A hobgoblin (D:1)
  2 quokkas (D:2)
  5 ball pythons
  2 bats (D:1)
  4 kobolds
  3 rats
23 creatures vanquished.

Notes
Turn   | Place    | Note
-------+----------+-------------------------------------------
     0 | D:1      | GrumpyGrim72 the Octopode Conjurer began the quest for the
                  | Orb.
     0 | D:1      | Reached XP level 1. HP: 11/11 MP: 3/3
   422 | D:1      | Reached XP level 2. HP: 17/17 MP: 3/5
   455 | D:1      | Learned a level 2 spell: Searing Ray
   847 | D:2      | Reached XP level 3. HP: 18/21 MP: 1/6
  1550 | D:2      | Slain by a ball python

Illustrated notes

Levels and vault maps discovered:
D:1:      dpeg_arrival_tiny_a, layout_rooms
D:2:      layout_basic, uniq_sigmund

Action                     || total
---------------------------++-------
  Melee: Unarmed           ||    26
         Tentacles         ||     7
         Constrict         ||     5
   Cast: Magic Dart        ||    25
   Stab: Sleeping          ||     4
 Armour: Skin              ||     1
  Dodge: Dodged            ||    12
         Form:             ||     1
         Blade             ||     1
         Maw               ||     1

Table legend: (Time is in decaauts)
 A = Elapsed time spent in this place.
 B = Non-inter-level travel time spent in this place.
 C = Inter-level travel time spent in this place.
 D = Time resting spent in this place.
 E = Time spent auto-exploring this place.
 F = Levels seen in this place.
 G = Mean time per level.
                   A        B        C        D        E       F      G
               +--------+--------+--------+--------+--------+-----+--------+
         Total |   1549 |   1549 |      0 |    354 |    434 |   2 |  774.5 |
       Dungeon |   1549 |   1549 |      0 |    354 |    434 |   2 |  774.5 |
               +--------+--------+--------+--------+--------+-----+--------+

Top non-repeatable levels by time:
     D:1: 812 daAuts
     D:2: 736 daAuts
